 Dungeon Crawl Stone Soup version 0.30.0 (webtiles) character file.

Game seed: 8033613804656193732

67174 frystalian the Destroyer (level 14, -2/110 HPs)
             Began as a White Draconian Conjurer on May 19, 2023.
             Was an Initiate of Gozag.
             Shot with an arrow by a centaur warrior (18 damage)
             ... on level 13 of the Dungeon on May 21, 2023.
             The game lasted 05:54:05 (25154 turns).

frystalian the Destroyer (DrCj)                    Turns: 25154, Time: 05:54:05

Health: -2/110     AC: 18    Str: 11    XL:     14   Next: 82%
Magic:  10/35      EV: 14    Int: 22    God:    Gozag
Gold:   1397       SH:  0    Dex: 10    Spells: 2/30 levels left

rFire   . . .        A - +4 dire flail (drain)
rCold   + . .        (shield currently unavailable)
rNeg    . . .        (body armour unavailable)
rPois   .            S - +2 hat
rElec   .            N - +2 cloak
rCorr   .            q - +0 pair of gloves
SInv    .            (no boots)
Will    +....        M - amulet of regeneration
Stlth   ++++         n - +4 ring of protection
HPRegen 1.18/turn    v - ring of magical power
MPRegen 0.24/turn

%: no passive effects
@: bribing [the Dungeon]
A: breathe frost, AC +8, unfitting armour, cold resistance 1, cold-blooded,
MP-powered wands
a: Breathe Frost, Renounce Religion, Potion Petition, Call Merchant, Bribe
Branch


You were on level 13 of the Dungeon.
You worshipped Gozag.
Gozag was most pleased with you.
You visited 4 branches of the dungeon, and saw 21 of its levels.
You visited the Abyss 2 times.
You also visited: Gauntlet.

You collected 5877 gold pieces.
You spent 1053 gold pieces at shops.
You paid 3427 gold pieces to Gozag.

Inventory:

Hand Weapons
 A - a +4 dire flail of draining (weapon)
 D - a +2 morningstar of venom
 E - a +4 long sword
 P - a +2 broad axe of freezing
 Y - a +4 scimitar of flaming
Missiles
 e - 218 stones
 p - 21 poisoned darts
 I - 2 javelins
 K - 3 throwing nets
Armour
 q - a +0 pair of gloves (worn)
 N - a +2 cloak (worn)
 S - a +2 hat (worn)
Magical Staves
 h - a staff of earth
Jewellery
 c - an amulet of magic regeneration
 d - the ring of Vanity {Dex+6 Slay+6}
   (You found it on level 8 of the Dungeon)

   [ring of dexterity]

   Dex:       It affects your dexterity (+6).
   Slay:      It affects your accuracy & damage with ranged weapons and melee
   (+6).
 n - a +4 ring of protection (left hand)
 o - a +6 ring of strength
 v - a ring of magical power (right hand)
 L - a ring of resist corrosion
 M - an amulet of regeneration (around neck)
 U - a +4 ring of protection
 Z - a ring of protection from fire
Wands
 a - a wand of polymorph (5)
 y - a wand of acid (6)
 B - a wand of flame (7)
 Q - a wand of digging (13)
 T - a wand of charming (7)
 V - a wand of roots (7)
Scrolls
 f - a scroll of amnesia
 g - a scroll of magic mapping
 j - 2 scrolls of teleportation
 w - a scroll of identify
 O - 4 scrolls of enchant armour
 R - a scroll of poison
 W - a scroll of torment
 X - 3 scrolls of fear
Potions
 b - 2 potions of might
 i - 2 potions of haste
 l - 5 potions of curing
 m - 7 potions of lignification
 r - a potion of heal wounds
 t - 4 potions of attraction {unknown}
 u - a potion of berserk rage {unknown}
 x - a potion of cancellation {unknown}
 z - 4 potions of flight
 C - a potion of magic
 G - a potion of resistance
 H - 5 potions of brilliance
 J - 5 potions of mutation
Miscellaneous
 k - a box of beasts
 s - a lightning rod (4/4)
 F - a phial of floods


   Skills:
 - Level 6.2 Fighting
 + Level 8.0 Maces & Flails
 + Level 8.5 Dodging
 - Level 8.2 Stealth
 + Level 8.7 Spellcasting
 * Level 13.5 Conjurations
 + Level 7.8 Translocations
 - Level 4.6 Fire Magic
 + Level 6.6 Air Magic
 + Level 9.0 Earth Magic
 - Level 4.0 Evocations


You had 2 spell levels left.
You knew the following spells:

 Your Spells              Type           Power      Damage    Failure   Level
a - Lehudib's Crystal Sp  Conj/Erth      28%        10d7      99%         8
b - Searing Ray           Conj           100%       2d8       1%          2
c - Stone Arrow           Conj/Erth      100%       3d13      1%          3
d - Iskenderun's Mystic   Conj/Tloc      54%        2d12      1%          4
e - Flame Wave            Conj/Fire      49%        2d12      1%          4
f - Lee's Rapid Deconstr  Erth           24%        3d13*     4%          5
g - Static Discharge      Conj/Air       100%       2-7/arc   1%          2

Your spell library contained the following spells:

 Spells                   Type           Power      Damage    Failure   Level
 Apportation              Tloc           88%        N/A       1%          1
 Kiss of Death            Conj/Necr      100%       2d13      1%          1
 Magic Dart               Conj           100%       1d8       1%          1
 Sandblast                Erth           98%        2d20      1%          1
 Passwall                 Tmut/Erth      24%        N/A       1%          2
 Freeze                   Ice            36%        1d5       7%          1
 Necrotise                Necr           36%        1d5       7%          1
 Ensorcelled Hibernation  Hex/Ice        18%        N/A       11%         2
 Sublimation of Blood     Necr           9%         N/A       11%         2
 Dazzling Flash           Conj/Hex       78%        N/A       1%          3
 Volatile Blastmotes      Fire/Tloc      74%        2d16      1%          3
 Sticky Flame             Conj/Fire      49%        2d7       1%          4
 Fulminant Prism          Conj/Hex       19%        3d10      4%          4
 Inner Flame              Hex/Fire       19%        N/A       9%          3
 Leda's Liquefaction      Hex/Erth       14%        N/A       11%         4
 Petrify                  Tmut/Erth      29%        N/A       11%         4
 Irradiate                Conj/Tmut      19%        3d18      12%         5
 Confusing Touch          Hex            9%         N/A       21%         3
 Spider Form              Tmut/Pois      9%         N/A       21%         3
 Vampiric Draining        Necr           9%         2d6       21%         3
 Dispersal                Tloc           22%        N/A       38%         6
 Anguish                  Hex/Necr       4%         N/A       56%         4
 Dispel Undead            Necr           9%         3d8       56%         4
 Summon Ice Beast         Ice/Summ       9%         N/A       56%         4
 Statue Form              Tmut/Erth      19%        N/A       86%         6
 Agony                    Necr           9%         N/A       88%         5
 Summon Mana Viper        Hex/Summ       9%         N/A       88%         5
 Enfeeble                 Hex            4%         N/A       100%        7
 Monstrous Menagerie      Summ           4%         N/A       100%        7
 Disjunction              Tloc           22%        N/A       100%        8


Dungeon Overview and Level Annotations

Branches:
Dungeon (13/15)            Temple (1/1) D:4            Lair (5/5) D:10
  Swamp (0/4) Lair:3       Spider (0/4) Lair:2        Slime (0/5) Lair:4
    Orc (2/2) D:10            Elf (0/3) Orc:2       Gauntlet (visited)
 Vaults: D:13-14

Altars:
Ashenzari
Cheibriados
Dithmenos
Elyvilon
Fedhas
Gozag
Hepliaklqana
Kikubaaqudgha
Makhleb
Nemelex Xobeh
Okawaru
Qazlal
Ru
Sif Muna
Trog
Uskayaw
Vehumet
Wu Jian
Xom
Yredelemnul
Zin
The Shining One

Shops:
D:2 [   D:3 :   Orc:2 ((!!

Portals:
Hell: Lair:5
Trove: D:11 (show slimy rune of Zot)

Annotations:
D:10 1 runed translucent door


Innate Abilities, Weirdness & Mutations

You can breathe waves of freezing cold which knock back foes.
Your icy white scales are hard. (AC +8)
You cannot fit into any form of body armour.
Your flesh is cold resistant. (rC+)
You are cold-blooded and may be slowed by cold attacks.
You expend magic power (3 MP) to strengthen your wands.


Message History

The arrow burns you.
* * * LOW HITPOINT WARNING * * *
Your Maces & Flails skill increases to level 8!
You feel much better.
The centaur warrior shoots an arrow.
The arrow hits you. The arrow burns you.
The centaur warrior shoots an arrow.
The arrow misses you.
The centaur warrior shoots an arrow.
The arrow barely misses you.
There is a large open door here.
There is a large open door here.
You close the large door.
Something unseen breaks down the large door.
You open the door.
The centaur warrior shoots an arrow.
The arrow misses you.
There is an open door here.
You close the door.
As you open the door, it creaks loudly!
An acid dragon comes into view.
The acid dragon roars!
You hear a shout! x2
A centaur warrior breaks down the door.
The centaur warrior shoots an arrow.
The arrow closely misses you. The acid dragon spits acid at you.
The splash of acid hits you!!
* * * LOW HITPOINT WARNING * * *
Okay, then.
Casting: Stone Arrow (safe; 1% risk of failure)
Confirm with . or Enter, or press ? or * to list all spells.
You erupt in a blast of force!
The mystic blast hits the centaur warrior.
The centaur warrior is lightly wounded.
The centaur warrior is knocked back by the mystic blast.
The centaur warrior shoots an arrow.
The arrow hits you!
* * * LOW HITPOINT WARNING * * *
The arrow burns you.
* * * LOW HITPOINT WARNING * * *
Okay, then.
Do you want to bribe the denizens of the Dungeon?
You no longer have enough gold to bribe branches to halt enemies' attacks and recruit allies.
Gozag spreads your bribe to the Dungeon!
The centaur warrior shoots an arrow.
The arrow hits you!!
You die...
Your body crumbles into a pile of gold.

.... #########
..........#
#..<..... #
.........#
#.##.###. ..
........# #.# .#
... ........# #.#
.# ....
........###.# .#
..... #..........#
..
......###........#
##
......'@'...>....#
....D.###........#
..... #.c......#
#### ####'#####
########'##
..........#
......$...#
.c........#
..........#


You could see a centaur warrior and an acid dragon.

Vanquished Creatures
  A kraken (Abyss:3)
  Gastronok (Lair:1)
  An ettin (Orc:2)
  Harold (Lair:2)
  A hell beast (Lair:5)
  Fannar (D:10)
  4 hydras
  A centaur warrior (D:13)
  4 two-headed ogres
  3 boulder beetles
  8 death yaks
  4 orc high priests (Orc:2)
  Sonja (Lair:2)
  A pharaoh ant (Lair:2)
  A skyshark (Lair:4)
  Pikel (D:4)
  A wizard (Lair:5)
  2 orc knights
  A harpy (shapeshifter) (D:8)
  A shining eye (Gauntlet)
  2 orc sorcerers
  A cyclops (D:12)
  2 ugly things
  6 elephants
  A moth of wrath (Gauntlet)
  6 black mambas
  3 slime creatures (D:12)
  Joseph (D:7)
  10 cane toads
  An orange demon (Lair:5)
  A gargoyle (D:11)
  A torpor snail (Lair:5)
  3 kobold demonologists (D:11)
  6 rime drakes
  An efreet (Gauntlet)
  An ice devil (Lair:5)
  Maggie (D:7)
  17 komodo dragons
  A hellwing (Lair:5)
  6 trolls
  3 red devils (Lair:5)
  A hornet (D:9)
  A polar bear (Lair:1)
  A tyrant leech (Lair:3)
  A tarantella (Lair:2)
  11 blink frogs
  7 dream sheep
  A jumping spider (Lair:2)
  A vampire (D:8)
  A wraith (D:12)
  7 basilisks
  Eustachio (D:4)
  2 wyverns
  34 yaks
  3 fire elementals (Gauntlet)
  A golden eye (Gauntlet)
  Grum (D:8)
  2 steam dragons
  4 vampire mosquitoes (D:12)
  4 wargs
  2 acid dragons
  A swamp worm (Lair:3)
  6 hell hounds
  12 water moccasins
  2 sky beasts
  4 black bears
  21 orc warriors
  3 ice beasts
  4 ogres
  26 wolves
  3 centaurs
  A phantom (D:5)
  9 bullfrogs
  5 kobold brigands
  6 scorpions
  5 wights (D:6)
  A killer bee (D:10)
  A gnoll bouda (D:5)
  2 hounds (D:4)
  Crazy Yiuf (D:7)
  30 orc priests
  3 iguanas
  A sleepcap (D:5)
  25 orc wizards
  12 gnolls
  9 adders
  A shadow imp (D:8)
  A white imp (D:6)
  2 ufetubi
  A worm (D:2)
  2 dart slugs
  48 orcs
  10 ball pythons
  4 endoplasms
  8 giant cockroaches
  8 goblins
  8 hobgoblins
  2 jackals (D:1)
  18 kobolds
  2 quokkas
  3 bats
  A frilled lizard (D:1)
  8 rats
  4 butterflies (D:10)
  2 tentacles (Abyss:3)
525 creatures vanquished.

Vanquished Creatures (others)
  An angel (D:9)
  20 fungi
  24 plants
  5 tentacles (Abyss:3)
50 creatures vanquished.

Grand Total: 575 creatures vanquished

Notes
Turn   | Place    | Note
-------+----------+-------------------------------------------
     0 | D:1      | frystalian the Draconian Conjurer began the quest for the
                  | Orb.
     0 | D:1      | Reached XP level 1. HP: 14/14 MP: 3/3
   113 | D:1      | Reached XP level 2. HP: 22/22 MP: 0/5
   116 | D:1      | Learned a level 2 spell: Searing Ray
   909 | D:2      | Identified the +0 ring mail of Gedoit {+Inv rElec Int-4}
   936 | D:2      | Reached skill level 1 in Fighting
   936 | D:2      | Reached XP level 3. HP: 14/28 MP: 6/6
  1178 | D:2      | Noticed a black bear
  1468 | D:2      | Learned a level 3 spell: Stone Arrow
  1564 | D:2      | Found Hush's Armour Shoppe.
  1630 | D:2      | Killed a black bear
  1631 | D:2      | Reached skill level 1 in Earth Magic
  1631 | D:2      | Reached XP level 4. HP: 34/36 MP: 0/7
  1631 | D:2      | Reached XP level 5. HP: 39/41 MP: 0/8
  2174 | D:3      | Found an iron altar of Okawaru.
  2349 | D:3      | Found a stormy altar of Qazlal.
  2349 | D:3      | Noticed a sky beast
  2357 | D:3      | Killed a sky beast
  2358 | D:3      | Reached skill level 5 in Conjurations
  2429 | D:3      | Found Poilumoi's Book Emporium.
  2616 | D:3      | Found a bloodstained altar of Trog.
  2707 | D:4      | Reached XP level 6. HP: 49/49 MP: 0/10
  2715 | D:3      | Learned a level 4 spell: Iskenderun's Mystic Blast
  3164 | D:4      | Noticed a sky beast
  3299 | D:4      | Killed a sky beast
  3370 | D:4      | Found a staircase to the Ecumenical Temple.
  3376 | Temple   | Entered the Ecumenical Temple
  3476 | Temple   | Became a worshipper of Gozag Ym Sagoz the Greedy
  3560 | D:4      | Noticed Eustachio
  3591 | D:4      | Killed Eustachio
  3592 | D:4      | Your scales start taking on an icy white colour.
  3592 | D:4      | Reached XP level 7. HP: 50/57 MP: 1/12
  3592 | D:4      | Gained mutation: Your flesh is cold resistant. (rC+) [White
                  | Draconian growth]
  3645 | D:4      | Found a radiant altar of Vehumet.
  3733 | D:4      | Reached skill level 6 in Conjurations
  4040 | D:5      | Entered Level 5 of the Dungeon
  4065 | D:5      | Found an ancient bone altar of Kikubaaqudgha.
  4101 | D:5      | Found a shimmering blue altar of Sif Muna.
  4316 | D:5      | Found a broken altar of Ashenzari.
  4455 | D:5      | Reached XP level 8. HP: 64/64 MP: 2/13
  4483 | D:5      | Noticed Pikel
  4733 | D:4      | Killed Pikel
  4734 | D:4      | Reached skill level 7 in Conjurations
  4734 | D:4      | Reached skill level 1 in Translocations
  5924 | D:6      | Found a basalt altar of Yredelemnul.
  5949 | D:6      | Reached skill level 1 in Maces & Flails
  5960 | D:6      | Reached XP level 9. HP: 63/72 MP: 4/15
  5979 | D:6      | Found a glowing golden altar of the Shining One.
  6756 | D:7      | Learned a level 4 spell: Flame Wave
  6759 | D:7      | Learned a level 1 spell: Sandblast
  7314 | D:7      | Noticed Maggie
  7505 | D:7      | Reached skill level 5 in Fighting
  7624 | D:7      | Killed Maggie
  8043 | D:7      | Noticed Joseph
  8055 | D:7      | Killed Joseph
  8056 | D:7      | Reached skill level 5 in Stealth
  8056 | D:7      | Reached skill level 8 in Conjurations
  8056 | D:7      | Reached skill level 1 in Fire Magic
  8084 | D:7      | Found a runed translucent door.
  8085 | D:7      | Noticed Crazy Yiuf
  8155 | D:7      | Killed Crazy Yiuf
  8335 | D:8      | Noticed a troll
  8349 | D:8      | Killed a troll
  8356 | D:8      | Noticed Grum
  8370 | D:8      | Reached skill level 5 in Spellcasting
  8377 | D:8      | Killed Grum
  8378 | D:8      | Reached XP level 10. HP: 37/81 MP: 17/17
  8382 | D:8      | Noticed a boulder beetle
  8601 | D:8      | Noticed a harpy
  8611 | D:8      | Killed a harpy
  8613 | D:8      | Reached skill level 5 in Dodging
  9062 | D:8      | Got Sif Muna's Quarto of the Unstable Winter
  9070 | D:8      | Identified the ring of Vanity {Dex+6 Slay+6}
  9347 | D:8      | Killed a boulder beetle
  9402 | D:8      | Noticed a two-headed ogre
  9410 | D:8      | Killed a two-headed ogre
  9411 | D:8      | Reached skill level 5 in Earth Magic
  9789 | D:9      | Found a shadowy altar of Dithmenos.
  9799 | D:9      | Reached skill level 9 in Conjurations
  9892 | D:9      | Killed an angel
  9922 | D:9      | Learned a level 5 spell: Lee's Rapid Deconstruction
  9962 | D:9      | Noticed a two-headed ogre
  9967 | D:9      | Killed a two-headed ogre
  9976 | D:9      | Found a shimmering altar of Xom.
 10099 | D:9      | Found a glowing silver altar of Zin.
 10144 | D:9      | Found a snail-covered altar of Cheibriados.
 10192 | D:9      | Found a blossoming altar of Fedhas.
 10269 | D:9      | Found a white marble altar of Elyvilon.
 10364 | D:9      | Found an ornate altar of the Wu Jian Council.
 10437 | D:10     | Entered Level 10 of the Dungeon
 10455 | D:10     | Found a staircase to the Orcish Mines.
 10501 | D:10     | Noticed a two-headed ogre
 10505 | D:10     | Killed a two-headed ogre
 10594 | D:10     | Reached XP level 11. HP: 89/89 MP: 16/19
 10598 | D:10     | Reached skill level 1 in Evocations
 10621 | D:10     | Found a staircase to the Lair.
 10857 | D:10     | Noticed Fannar
 10866 | D:10     | Killed Fannar
 11228 | D:10     | Noticed a two-headed ogre
 11236 | D:10     | Killed a two-headed ogre
 11395 | D:10     | Found a runed translucent door.
 11398 | D:10     | Found a runed translucent door.
 11468 | D:10     | Identified the +2 leather armour "Mudue" {Slay+2}
 12062 | D:10     | Identified a scroll of acquirement
 12062 | D:10     | Acquired Vixe's Precepts of Energetic Coordinates
 12067 | D:10     | Learned a level 2 spell: Static Discharge
 12160 | Orc:1    | Entered Level 1 of the Orcish Mines
 12280 | Orc:2    | Entered Level 2 of the Orcish Mines
 12355 | Orc:2    | Reached skill level 5 in Translocations
 13421 | Orc:2    | Reached skill level 1 in Air Magic
 13634 | Orc:2    | Noticed an ettin
 13930 | Orc:2    | Killed an ettin
 13931 | Orc:2    | Reached skill level 10 in Conjurations
 14122 | Orc:2    | Noticed an orc knight
 14427 | Orc:2    | Killed an orc knight
 15108 | Orc:2    | Noticed an orc high priest
 15115 | Orc:2    | Killed an orc high priest
 15159 | Orc:2    | Found a staircase to the Elven Halls.
 15218 | Orc:2    | Found Mosiro Nuto's Weapon Boutique.
 15218 | Orc:2    | Found Paoq's Distillery.
 15218 | Orc:2    | Noticed an orc high priest
 15218 | Orc:2    | Noticed an orc sorcerer
 15218 | Orc:2    | Noticed an orc high priest
 15263 | Orc:2    | Found Xupt's Distillery.
 15269 | Orc:2    | Noticed an orc high priest
 15270 | Orc:2    | Killed an orc high priest
 15271 | Orc:2    | Reached XP level 12. HP: 96/96 MP: 11/21
 15281 | Orc:2    | Killed an orc high priest
 15282 | Orc:2    | Reached skill level 5 in Maces & Flails
 15282 | Orc:2    | Killed an orc high priest
 15415 | Orc:2    | Found Qaga's Antique Weapon Boutique.
 15436 | Orc:2    | Bought a potion of curing for 39 gold pieces
 15436 | Orc:2    | Bought a potion of curing for 39 gold pieces
 15436 | Orc:2    | Bought a potion of heal wounds for 65 gold pieces
 15436 | Orc:2    | Bought a potion of heal wounds for 65 gold pieces
 15436 | Orc:2    | Bought a potion of invisibility for 104 gold pieces
 15436 | Orc:2    | Bought a potion of heal wounds for 65 gold pieces
 15436 | Orc:2    | Bought a potion of curing for 39 gold pieces
 15436 | Orc:2    | Bought 2 potions of curing for 78 gold pieces
 15437 | Orc:2    | Bought a potion of magic for 104 gold pieces
 15437 | Orc:2    | Bought 2 potions of heal wounds for 130 gold pieces
 15437 | Orc:2    | Bought a potion of heal wounds for 65 gold pieces
 15437 | Orc:2    | Bought a potion of curing for 39 gold pieces
 15437 | Orc:2    | Bought a potion of curing for 39 gold pieces
 15437 | Orc:2    | Bought a potion of resistance for 130 gold pieces
 15912 | Orc:2    | Bought a potion of might for 52 gold pieces
 16048 | Lair:1   | Entered Level 1 of the Lair of Beasts
 16065 | Lair:1   | Noticed a boulder beetle
 16445 | Lair:1   | Noticed Gastronok
 16470 | Lair:1   | Killed Gastronok
 16949 | Lair:1   | Killed a boulder beetle
 16950 | Lair:1   | Reached skill level 11 in Conjurations
 17175 | Lair:2   | Noticed an eight-headed hydra
 17194 | Lair:2   | Killed an eight-headed hydra
 17210 | Lair:2   | Found a hole to the Spider Nest.
 17556 | Lair:2   | Reached XP level 13. HP: 101/102 MP: 11/23
 17775 | Lair:2   | Noticed Sonja
 17788 | Lair:2   | Killed Sonja
 17834 | Lair:2   | Noticed Harold
 17908 | Lair:2   | Killed Harold
 19347 | Lair:3   | Reached skill level 12 in Conjurations
 19587 | Lair:3   | Found a staircase to the Swamp.
 19731 | Lair:4   | Found a staircase to the Slime Pits.
 19740 | Lair:4   | Reached skill level 5 in Air Magic
 20734 | Lair:5   | Entered Level 5 of the Lair of Beasts
 21020 | Lair:5   | Reached XP level 14. HP: 92/110 MP: 24/25
 21071 | Lair:5   | Learned a level 8 spell: Lehudib's Crystal Spear
 21985 | Abyss:2  | Cast into level 2 of the Abyss (a wizard)
 22051 | Lair:5   | Escaped the Abyss
 22096 | Lair:5   | Found a burning altar of Makhleb.
 22131 | Lair:5   | Reached skill level 13 in Conjurations
 22193 | Lair:5   | Found a gateway to Hell.
 23354 | D:11     | Found a portal to a secret trove of treasure.
 23368 | D:11     | You fall into a shaft and drop 1 floor!
 23632 | D:12     | Found a gate leading to a gauntlet.
 23646 | Gauntlet | Entered a Gauntlet
 23646 | Gauntlet | Found a transporter.
 23651 | Gauntlet | Found a transporter.
 23651 | Gauntlet | Found a transporter.
 23655 | Gauntlet | Found a runed translucent door.
 23655 | Gauntlet | Found a runed translucent door.
 23659 | Gauntlet | Found a transporter.
 23661 | Gauntlet | Found a transporter.
 23670 | Gauntlet | Found a transporter.
 23686 | Gauntlet | Found a transporter.
 23696 | Gauntlet | Found a transporter.
 23706 | Gauntlet | Found a transporter.
 23720 | Gauntlet | Found a transporter.
 23733 | Gauntlet | Found a runed translucent door.
 23734 | Gauntlet | Found a transporter.
 23734 | Gauntlet | Found a transporter.
 23735 | Gauntlet | Found a runed translucent door.
 23742 | Gauntlet | Found a runed translucent door.
 23766 | Gauntlet | Gained mutation: You expend magic power (3 MP) to
                  | strengthen your wands. [a shining eye]
 23808 | Gauntlet | Found a transporter.
 23913 | Gauntlet | Found a transporter.
 24018 | Gauntlet | Identified the +6 great sword "Faemisuq" {distort, rN+
                  | Will+ Str-4 Dex+3}
 24029 | Abyss:3  | Found a corrupted altar of Lugonu.
 24029 | Abyss:3  | Cast into level 3 of the Abyss (minotaur)
 24045 | Abyss:3  | Noticed a kraken
 24051 | Abyss:3  | Killed a kraken
 24057 | Gauntlet | Escaped the Abyss
 25154 | D:13     | Shot with an arrow by a centaur warrior

Illustrated notes

Levels and vault maps discovered:
D:1:      minmay_arrival_open_corners, layout_basic, minmay_misc_feat_x,
          minmay_misc_feat_ornament, kennysheep_doodads
D:2:      wad_lake_hut, layout_rooms, serial_shops, shop
D:3:      layout_basic, overflow_temple_1_default,
          lemuel_coloured_pillars_altar, nicolae_qazlal_beasts_of_the_sky,
          serial_shops, shop
D:4:      layout_loops_ring, lemuel_crystal_altar, minmay_temple_entry_fiery,
          minivault_5, st_stairs_12, grunt_ministairs_13, uniq_eustachio
D:5:      wander_river, layout_layer_cave, mainiacjoe_overflow_six_doors_small,
          kennysheep_little_box, mainiacjoe_overflow_brackets,
          roderic_serpentine_path, st_stairs_1, uniq_pikel
D:6:      layout_basic, mainiacjoe_overflow_concentric_impassable,
          old_standard_altar
D:7:      wad_pebble_path, layout_basic, uniq_maggie, uniq_crazy_yiuf_cottage,
          uniq_joseph
D:8:      layout_gridville, minmay_radiant, uniq_grum
D:9:      layout_roguey, grunt_temple_overflow_order_and_chaos_1,
          lemuel_round_altar, overflow_temple_1_default, fedhas_altar_1,
          nzn_wu_jian_contemplation, mainiacjoe_overflow_tiny_flanked
D:10:     lemuel_insect_pit, layout_basic, erik_lair_orcish_takeover,
          uniq_fannar
D:11:     layout_long_grid, enter_trove_1
D:12:     layout_basic, gauntlet_entry_generic, st_stairs_9, drop_trap
D:13:     layout_basic
Temple:   nicolae_temple_two_arcs
Lair:1:   layout_long_grid, uniq_gastronok
Lair:2:   layout_chaotic_city, nicolae_spider_entry_lesser_pyramids, uniq_sonja,
          uniq_harold
Lair:3:   layout_gridlike, palyth_hydra_swamp_entry, st_stairs_10
Lair:4:   layout_cave_shapes, slime_entry_1, kennysheep_basilisk_garden
Lair:5:   evil_forest, layout_cave_pods, lemuel_fruit_tree, grunt_megastairs_1
Orc:1:    layout_caves
Orc:2:    st_orc_mages, layout_diamond_mine

Skill      XL: |  1  2  3  4  5  6  7  8  9 10 11 12 13 14 |
---------------+-------------------------------------------+-----
Stealth        | 2 3 4 5 6 7 8 |  8.2
Fighting       | 1 2 3 4 5 6 |  6.2
Dodging        | 2 3 4 5 6 7 8 |  8.5
Earth Magic    | 1 2 3 4 5 6 7 8 9 |  9.0
Conjurations   | 5 6 7 8 9 10 11 12 13 | 13.5
Spellcasting   | 3 4 5 6 7 8 |  8.7
Translocations | 2 3 4 5 6 7 |  7.8
Maces & Flails | 1 2 3 4 6 7 8 |  8.0
Fire Magic     | 1 2 3 4 |  4.6
Evocations     | 3 4 |  4.0
Air Magic      | 2 4 5 6 |  6.6

Action                     |  1- 3 |  4- 6 |  7- 9 | 10-12 | 13-15 || total
---------------------------+-------+-------+-------+-------+-------++-------
  Melee: Dagger            |    34 |    22 |    34 |       |       ||    90
         Tailslap          |     8 |     2 |     7 |    23 |    97 ||   137
         Punch             |     1 |       |     1 |       |       ||     2
         Whip              |       |       |     4 |       |       ||     4
         Morningstar       |       |       |    13 |    44 |       ||    57
         Unarmed           |       |       |     8 |       |       ||     8
         Quarterstaff      |       |       |       |    12 |       ||    12
         Dire flail        |       |       |       |   103 |   454 ||   557
  Throw: Dart              |       |       |       |     9 |       ||     9
         Boomerang         |       |       |       |     1 |       ||     1
   Cast: Magic Dart        |    26 |     7 |     8 |    15 |       ||    56
         Searing Ray       |    16 |    17 |    43 |    44 |    13 ||   133
         Stone Arrow       |     1 |    13 |    27 |   116 |   160 ||   317
         Iskenderun's Myst |       |     1 |    27 |    97 |   139 ||   264
         Flame Wave        |       |       |     4 |     6 |     3 ||    13
         Sandblast         |       |       |       |     1 |       ||     1
         Lee's Rapid Decon |       |       |       |    40 |    13 ||    53
         Static Discharge  |       |       |       |     8 |     1 ||     9
 Invoke: Potion Petition   |       |       |     1 |       |       ||     1
         Bribe Branch      |       |       |       |       |     1 ||     1
Ability: Breathe Frost     |       |       |     1 |     3 |     2 ||     6
  Evoke: Wand              |       |       |       |    14 |     1 ||    15
         Lightning rod     |       |       |       |     7 |     7 ||    14
    Use: Potion            |     1 |       |       |    12 |    13 ||    26
         Scroll            |       |     1 |    16 |    13 |    10 ||    40
   Stab: Distracted        |       |       |     1 |     1 |     2 ||     4
         Sleeping          |       |       |       |     1 |     1 ||     2
 Armour: Skin              |    13 |    25 |    39 |   119 |   205 ||   401
  Dodge: Dodged            |    32 |    32 |    78 |   221 |   348 ||   711
